 Dungeon Crawl Stone Soup version 0.22.0-36-g8e74550 (webtiles) character file.

420 Loudmushroom the Chopper (level 6, -1/56 HPs)
             Began as a Minotaur Fighter on Aug 24, 2018.
             Slain by an ogre
             ... wielding a +0 giant spiked club
              (14 damage)
             ... on level 4 of the Dungeon.
             The game lasted 00:17:43 (3186 turns).

Loudmushroom the Chopper (Minotaur Fighter)         Turns: 3186, Time: 00:17:44

Health: -1/56      AC: 11    Str: 21    XL:     6   Next: 62%
Magic:  5/5        EV:  5    Int:  5    God:
Gold:   130        SH: 10    Dex: 11    Spells: 5/5 levels left

rFire    . . .     SeeInvis .   a - +0 war axe
rCold    . . .     Gourm    .   c - +0 shield
rNeg     . . .     Faith    .   v - +0 chain mail
rPois    .         Spirit   .   (helmet restricted)
rElec    .         Reflect  .   (no cloak)
rCorr    .         Harm     .   (no gloves)
MR       .....                  p - +0 pair of boots
Stlth    ..........             (no amulet)
HPRegen  0.18/turn              (no ring)
MPRegen  0.09/turn              (no ring)

@: no status effects
A: retaliatory headbutt, horns 2
a: no special abilities


You were on level 4 of the Dungeon.
You were hungry.

You visited 1 branch of the dungeon, and saw 4 of its levels.

You collected 130 gold pieces.

Inventory:

Hand Weapons
 a - a +0 war axe (weapon)
 b - a +0 hunting sling
 C - a +0 flail
Missiles
 e - 75 stones (quivered)
 j - 94 sling bullets
 F - 19 bolts
 L - 4 curare-tipped needles
Armour
 c - a +0 shield (worn)
 g - a +1 scale mail of poison resistance
 p - a +0 pair of boots (worn)
 r - a +0 scale mail
 t - a +1 pair of boots
 v - a +0 chain mail (worn)
Jewellery
 k - an uncursed ring of protection from fire {unknown}
 x - a +4 ring of dexterity {unknown}
 y - a +4 amulet of reflection {unknown}
 E - an uncursed ring of stealth {unknown}
Wands
 q - a wand of iceblast (19)
 M - a wand of enslavement (9)
Scrolls
 h - 6 scrolls of identify {unknown}
 l - 2 scrolls of teleportation {unknown}
 m - a scroll of fear {unknown}
 n - 3 scrolls of remove curse {unknown}
 o - a scroll of magic mapping {unknown}
 w - a scroll of enchant armour {unknown}
 B - a scroll of noise {unknown}
 G - a scroll of enchant weapon {unknown}
 J - a scroll of blinking {unknown}
Potions
 d - 2 potions of might
 i - 2 potions of lignification {unknown}
 s - a potion of cancellation {unknown}
 u - 2 potions of flight {unknown}
 z - 5 potions of curing {unknown}
 A - a potion of berserk rage {unknown}
 D - 2 potions of magic {unknown}
 H - 2 potions of invisibility {unknown}
 I - 2 potions of degeneration {unknown}
Comestibles
 f - 4 rations
 K - a chunk of flesh


   Skills:
 + Level 5.1 Fighting
 * Level 5.7 Axes
 + Level 5.2 Armour
 + Level 5.2 Shields


You had 5 spell levels left.
You didn't know any spells.
Your spell library was empty.

Dungeon Overview and Level Annotations

Branches:
Dungeon (4/15)
 Temple: D:4-7

Altars:
Elyvilon
Fedhas
Nemelex Xobeh
Sif Muna
Trog
Vehumet


Innate Abilities, Weirdness & Mutations

You reflexively headbutt those who attack you in melee.
You have a pair of horns on your head.


Message History

The ogre hits you with a giant spiked club!
Your shield and chain mail prevent you from hitting the ogre.
Your headbutt misses the ogre. You closely miss the ogre.
The ogre hits you with a giant spiked club!
You hit the ogre.
The ogre is lightly wounded.
The ogre completely misses you.
You slash the ogre!
The ogre is heavily wounded.
The ogre hits you with a giant spiked club!!
* * * LOW HITPOINT WARNING * * *
You are feeling hungry.
You completely miss the ogre.
The ogre is heavily wounded.
You block the ogre's attack.
You hit the ogre. You headbutt the ogre.
The ogre is almost dead.
The ogre hits you with a giant spiked club!
You die...

### # #<# # #.# #
#####.# #
############.....#######
...>..!........^........
....$.#.# #.#....#######
........###.......# ....
<.....O@.†........+ ....
......#####.##....# ....
###.. #....#### .... #.
#.#### .... # ...# ....
...### .... #... ....
.... .... .###


You could see an ogre.

Vanquished Creatures
  Grinder (D:3)
  An orc priest (D:3)
  Ijyb (D:3)
  2 worker ants (D:4)
  An adder (D:3)
  2 oozes
  An adder skeleton (D:4)
  2 worms (D:2)
  3 dart slugs
  4 leopard geckos
  11 orcs
  5 giant cockroaches
  5 goblins
  7 hobgoblins
  6 jackals
  8 kobolds
  A quokka (D:3)
  5 bats
  6 frilled lizards
  4 rats
76 creatures vanquished.

Vanquished Creatures (others)
  2 orcs (D:3)
2 creatures vanquished.

Grand Total: 78 creatures vanquished

Notes
Turn   | Place    | Note
-------+----------+-------------------------------------------
     0 | D:1      | Loudmushroom the Minotaur Fighter began the quest for the Orb.
     0 | D:1      | Reached XP level 1. HP: 19/19 MP: 0/0
    39 | D:1      | Reached XP level 2. HP: 16/27 MP: 1/1
   656 | D:2      | Found a bloodstained altar of Trog.
   697 | D:2      | Found a faded altar of an unknown god.
   735 | D:2      | Reached XP level 3. HP: 32/33 MP: 2/2
  1413 | D:3      | Found a radiant altar of Vehumet.
  1707 | D:2      | Reached XP level 4. HP: 40/40 MP: 3/3
  2320 | D:3      | Noticed Ijyb
  2331 | D:3      | Killed Ijyb
  2331 | D:3      | Reached XP level 5. HP: 47/47 MP: 4/4
  2573 | D:3      | Noticed Grinder
  2587 | D:3      | Killed Grinder
  2587 | D:3      | Reached skill level 5 in Fighting
  2587 | D:3      | Reached skill level 5 in Axes
  2587 | D:3      | Reached skill level 5 in Armour
  2587 | D:3      | Reached skill level 5 in Shields
  2587 | D:3      | Reached XP level 6. HP: 38/56 MP: 5/5
  2799 | D:3      | Found a white marble altar of Elyvilon.
  2949 | D:4      | Found a deep blue altar of Sif Muna.
  2962 | D:4      | Found a blossoming altar of Fedhas.
  3024 | D:4      | Found a sparkling altar of Nemelex Xobeh.
  3186 | D:4      | Slain by an ogre

Skill      XL: |  1  2  3  4  5 |
---------------+----------------+-----
Axes           | 3 4 5 |  5.7
Armour         | 4 5 |  5.2
Shields        | 4 5 |  5.2
Fighting       | 4 5 |  5.1

Action                   |  1- 3 |  4- 6 || total
-------------------------+-------+-------++-------
Melee: War axe           |   103 |    98 ||   201
       Headbutt          |    13 |    18 ||    31
  Eat: Chunk             |     2 |     5 ||     7
Armor: Scale mail        |    66 |       ||    66
       Chain mail        |       |    53 ||    53
Dodge: Dodged            |    35 |    22 ||    57
Block: Shield            |   102 |    57 ||   159
